 Dungeon Crawl Stone Soup version 0.28-a0-537-g3bccd9ccbf (webtiles) character file.

Game seed: 7602121031001639021

212 omnomnOMINOUS the Twirler (level 5, -5/55 HPs)
             Began as an Octopode Wanderer on Sept 27, 2021.
             Was a Follower of Jiyva.
             Slain by an ogre (19 damage)
             ... on level 4 of the Dungeon.
             The game lasted 00:04:12 (3200 turns).

omnomnOMINOUS the Twirler (Octopode Wanderer)       Turns: 3200, Time: 00:04:13

Health: -5/55      AC: 22    Str: 13    XL:     5   Next: 89%
Magic:  7/7        EV:  2    Int: 14    God:    Jiyva [*.....]
Gold:   55         SH:  0    Dex: 11    Spells: 5/7 levels left

rFire   . . .      SeeInvis .   a - +2 quarterstaff
rCold   . . .      Faith    .   (shield currently unavailable)
rNeg    + + +      Spirit   .   (helmet currently unavailable)
rPois   +          Reflect  .   (no amulet)
rElec   .          Harm     .   e - ring of resist corrosion
rCorr   +          Rampage  .   (no ring)
Will    .....      NoTele   +   (no ring)
Stlth   ++........              (no ring)
HPRegen 0.18/turn               (no ring)
MPRegen 0.10/turn               (no ring)
                                (no ring)
                                (no ring)

@: tree-form
A: stationary, stasis, torment immunity, boosted hp, almost no armour,
(amphibious), 8 rings, (camouflage 1), (gelatinous body 1), (nimble swimmer 1),
(tentacles)
a: Renounce Religion, Request Jelly


You were on level 4 of the Dungeon.
You worshipped Jiyva.
Jiyva was aware of your devotion.
You were a tree.
You visited 1 branch of the dungeon, and saw 4 of its levels.

You collected 55 gold pieces.

Inventory:

Hand Weapons
 a - a +2 quarterstaff (weapon)
 b - a +0 falchion of flaming
 g - a +1 vorpal hunting sling
 i - a +0 trident
Missiles
 h - 77 stones (quivered)
Jewellery
 e - a ring of resist corrosion (left branch)
Scrolls
 j - a scroll of enchant weapon {unknown}
 k - 3 scrolls of teleportation
 l - a scroll of immolation {unknown}
 m - a scroll of torment {unknown}
Potions
 c - a potion of lignification
 d - 2 potions of curing
 f - a potion of heal wounds {unknown}
 n - a potion of attraction {unknown}
 o - a potion of magic {unknown}
 p - a potion of resistance {unknown}


   Skills:
 + Level 3.8 Fighting
 - Level 1.0 Axes
 - Level 4.0 Staves
 + Level 3.8 Dodging
 - Level 1.3 Stealth
 + Level 1.9 Spellcasting
 + Level 1.3 Translocations
 - Level 1.1 Evocations


You had 5 spell levels left.
You knew the following spells:

 Your Spells              Type           Power      Damage    Failure   Level
a - Blink                 Tloc           N/A        N/A       22%         2

Your spell library contained the following spells:

 Spells                   Type           Power      Damage    Failure   Level
 Lesser Beckoning         Tloc           5%         N/A       38%         3
 Manifold Assault         Tloc           5%         N/A       98%         5


Dungeon Overview and Level Annotations

Branches:
Dungeon (4/15)
 Temple: D:4-7

Altars:
Jiyva

Shops:
D:1 *


Innate Abilities, Weirdness & Mutations

You are a tree.
Your roots penetrate the ground, keeping you stationary.
You cannot be teleported.
You are immune to unholy pain and torment.
Your maximum health is greatly increased.
You cannot wear most types of armour.
((You are amphibious.))
You can wear up to eight rings at the same time.
((Your skin changes colour to match your surroundings (Stealth+).))
((Your rubbery body absorbs attacks. (AC +1, EV +1)))
((You are camouflaged near water. (Stealth+)))
((You have tentacles for arms and can constrict up to eight enemies at once.))


Message History

The hound bites you but does no damage. The goblin hits you but does no damage.
The ogre hits you with a +0 giant club! The hound bites you but does no damage.
The howler monkey skeleton hits you but does no damage.
You hit the ogre.
The ogre is severely wounded.
The hound bites you but does no damage. The goblin hits you but does no damage.
The howler monkey skeleton hits you but does no damage.
The ogre hits you with a +0 giant club. The hound bites you but does no damage.
The goblin hits you but does no damage.
You hit the ogre.
The ogre is severely wounded.
The hound bites you but does no damage.
The howler monkey skeleton hits you but does no damage.
The ogre hits you with a +0 giant club!
* * * LOW HITPOINT WARNING * * *
The goblin hits you but does no damage.
It was a potion of curing.
You feel better. The hound bites you but does no damage.
The howler monkey skeleton hits you but does no damage.
The hound bites you but does no damage. The goblin hits you but does no damage.
The ogre barely misses you.
You barely miss the ogre.
The ogre is severely wounded.
The hound bites you but does no damage.
The howler monkey skeleton hits you but does no damage.
The goblin hits you but does no damage. The hound bites you but does no damage.
You hit the ogre.
The ogre is almost dead.
The howler monkey skeleton hits you but does no damage.
The ogre hits you with a +0 giant club.
* * * LOW HITPOINT WARNING * * *
The hound bites you but does no damage.
You hear a distant slurping noise.
The goblin hits you but does no damage.
The howler monkey skeleton hits you but does no damage.
You barely miss the ogre.
The ogre is almost dead.
The hound bites you but does no damage.
The ogre hits you with a +0 giant club!!
You die...

..# ### ...#.. .#.....
#.# ....... #####.(#
### ...#...###......>.
..# #.............#...
### ..#(..........#.#
.#....OZg.......#
.......h♣......#
##.#...#.........#
####.......##........#
###.....#...#
#.#.....###########
#............
#.###.....#........
......#####...#.
###...#........ ..##..#
#...#. ###.J........
#.##.##
#.....#######..........
..#.<#
#...J................


You could see an ogre, a hound, a goblin and a howler monkey skeleton.

Vanquished Creatures
  Blork the orc (D:4)
  A howler monkey (D:4)
  An orc priest (D:2)
  2 gnolls (D:2)
  2 adders
  2 worms
  5 orcs
  2 endoplasms
  A giant cockroach (D:3)
  3 hobgoblins
  2 quokkas
  3 ball pythons
  5 bats
  4 frilled lizards
  3 goblins
  3 kobolds
  4 rats
44 creatures vanquished.

Vanquished Creatures (others)
  2 jellies (D:2)
  A hound (D:4)
  2 gnolls (D:2)
  A bat (D:3)
  4 fungi (D:2)
  17 plants (D:2)
27 creatures vanquished.

Grand Total: 71 creatures vanquished

Notes
Turn   | Place    | Note
-------+----------+-------------------------------------------
     0 | D:1      | omnomnOMINOUS the Octopode Wanderer began the quest for the
                  | Orb.
     0 | D:1      | omnomnOMINOUS set off with the following items: a +2
                  | quarterstaff, a scroll of teleportation, a potion of
                  | lignification
     0 | D:1      | Reached XP level 1. HP: 16/16 MP: 1/1
   123 | D:1      | Reached skill level 1 in Dodging
   339 | D:1      | Reached XP level 2. HP: 21/21 MP: 2/2
   664 | D:1      | Found Titaowei's Assorted Antiques.
  1170 | D:2      | Reached XP level 3. HP: 11/26 MP: 3/3
  1358 | D:2      | Found a faded altar of an unknown god.
  1367 | D:2      | Became a worshipper of Jiyva Jitiuhi the Shapeless
  1367 | D:2      | Reached * piety under Jiyva
  1442 | D:2      | Reached XP level 4. HP: 31/31 MP: 4/4
  1939 | D:2      | Reached skill level 1 in Spellcasting
  2798 | D:4      | Learned a level 2 spell: Blink
  2862 | D:4      | Noticed Blork the orc
  2868 | D:4      | Killed Blork the orc
  2869 | D:4      | Reached skill level 1 in Translocations
  2869 | D:4      | Reached XP level 5. HP: 10/37 MP: 5/7
  2887 | D:4      | Noticed an ogre
  3200 | D:4      | Slain by an ogre

Illustrated notes

Levels and vault maps discovered:
D:1:      mrwooster_arrival_statue, layout_loops_corners, serial_shops, shop
D:2:      cheibrodos_old_hovel, layout_basic,
          shapermc_ecumenical_altar_mp_ritualfount
D:3:      layout_rooms, kennysheep_nondescript, kennysheep_doodads
D:4:      layout_rooms, minmay_increasing_density, uniq_blork_the_orc

Skill      XL: |  1  2  3  4 |
---------------+-------------+-----
Dodging        | 1 3 |  3.8
Spellcasting   | 1 |  1.9
Translocations | 1 |  1.3
Fighting       | |  3.8
Axes           | |  1.0
Staves         | |  4.0
Stealth        | |  1.3
Evocations     | |  1.1

Action                   |  1- 3 |  4- 6 || total
-------------------------+-------+-------++-------
Melee: Quarterstaff      |    42 |    62 ||   104
       Constrict         |     7 |     8 ||    15
       Tentacles         |     5 |     9 ||    14
Throw: Throwing net      |     1 |       ||     1
  Use: Potion            |       |     2 ||     2
 Stab: Sleeping          |     8 |     3 ||    11
       Distracted        |       |     1 ||     1
Armor: Skin              |     1 |    45 ||    46
Dodge: Dodged            |    27 |    25 ||    52

Table legend: (Time is in decaauts)
 A = Elapsed time spent in this place.
 B = Non-inter-level travel time spent in this place.
 C = Inter-level travel time spent in this place.
 D = Time resting spent in this place.
 E = Time spent auto-exploring this place.
 F = Levels seen in this place.
 G = Mean time per level.
                   A        B        C        D        E       F      G
               +--------+--------+--------+--------+--------+-----+--------+
         Total |   3209 |   3067 |    142 |    180 |   2443 |   4 |  802.2 |
       Dungeon |   3209 |   3067 |    142 |    180 |   2443 |   4 |  802.2 |
               +--------+--------+--------+--------+--------+-----+--------+

Top non-repeatable levels by time:
     D:2: 1242 daAuts
     D:1: 1006 daAuts
     D:3: 550 daAuts
     D:4: 410 daAuts
